 Dungeon Crawl Stone Soup version 0.17-a0-1635-gd4e48f1 (webtiles) character file.

179 ololoev the Grasshopper (level 5, -1/41 HPs)
             Began as a Draconian Warper on Aug 4, 2015.
             Was an Initiate of Elyvilon.
             Killed from afar by an orc wizard (4 damage)
             ... with a magic dart
             ... on level 4 of the Dungeon.
             The game lasted 00:15:31 (5387 turns).

ololoev the Grasshopper (Draconian Warper)          Turns: 5387, Time: 00:15:31

Health: -1/41      AC:  8    Str: 13    XL:     5   Next: 33%
Magic:  2/8        EV: 12    Int: 13    God:    Elyvilon [......]
Gold:   208        SH:  0    Dex: 12    Spells: 3 memorised, 2 levels left

rFire  . . .     SeeInvis .     a - +0 mace
rCold  + . .     Clarity  .     (armour unavailable)
rNeg   . . .     SustAt   .     (no shield)
rPois  .         Gourm    .     (helmet restricted)
rElec  .         Spirit   .     (no cloak)
rCorr  .         Warding  .     g - +0 pair of gloves
rMut   .         Stasis   .     u - +1 pair of boots
MR     .....                    (no amulet)
Stlth  +.........               (no ring)
                                k - ring of protection from cold

@: very slightly contaminated, not resistant to hostile enchantments, very
unstealthy
A: unfitting armour, cold-blooded, AC +5
a: Renounce Religion


Innate Abilities, Weirdness & Mutations

Your plain brown scales are hard (AC +5).
Your body does not fit into most forms of armour.
You are cold-blooded and may be slowed by cold attacks.

Inventory:

Hand weapons
 a - a +0 mace (weapon)
Missiles
 d - 5 tomahawks of dispersal (quivered)
Armour
 g - a +0 pair of gloves (worn)
 u - a +1 pair of boots (worn)
Jewellery
 k - a ring of protection from cold (left hand)
Scrolls
 c - a scroll of blinking
 h - a scroll of amnesia {unknown}
 i - 4 scrolls of remove curse {unknown}
 n - 6 scrolls of identify {unknown}
 p - 2 scrolls of enchant armour {unknown}
 t - a scroll of fog {unknown}
Potions
 f - a potion of brilliance {unknown}
 m - 2 potions of ambrosia {unknown}
 q - 2 potions of poison {unknown}
 r - 2 potions of might {unknown}
Books
 b - a book of Spatial Translocations

   Spells                             Type                      Level
   a - Apportation                    Translocation                1
   b - Blink                          Translocation                2
   c - Shroud of Golubria             Charms/Translocation         2
   d - Portal Projectile              Translocation                3
   e - Teleport Other                 Translocation                3
   f - Passage of Golubria            Translocation                4
Comestibles
 e - 3 bread rations
 j - 2 slices of pizza
 l - a meat ration
 o - 4 fruits


   Skills:
 - Level 2.1 Fighting
 * Level 4.2 Maces & Flails
 - Level 0.8 Throwing
 - Level 2.1 Dodging
 + Level 2.4 Spellcasting
 + Level 4.4 Translocations


You had 2 spell levels left.
You knew the following spells:

 Your Spells              Type           Power        Failure   Level  Hunger
a - Apportation           Tloc           ##........   4%          1    #......
b - Blink                 Tloc           N/A          8%          2    ###....
c - Teleport Other        Tloc           ##......     12%         3    ###....


You were on level 4 of the Dungeon.
You worshipped Elyvilon.
Elyvilon was noncommittal.
You were hungry.

You visited 2 branches of the dungeon, and saw 5 of its levels.

You collected 208 gold pieces.

#.#.##... #....#
#.#.##...## #....#
#.#.##..... +....#
#.#.##....####....###
#.#.##......#.......#
##.#.##......#.#####.####
#>.......................
#..###..#o.....o..##.####
#..###..@S..#...#..#.####
#........r...#)#.........
##............>...##.####
#..s.)....#..#.#..##.#
#.........'.#...#.##.####
#.........#.......##.....
#.........###...#########
#.........# #...#
#.........# #...#

Notes
Turn   | Place    | Note
--------------------------------------------------------------
     0 | D:1      | ololoev the Draconian Warper began the quest for the Orb.
     0 | D:1      | Reached XP level 1. HP: 17/17 MP: 3/3
   432 | D:1      | Reached XP level 2. HP: 24/24 MP: 5/5
   449 | D:1      | Learned a level 2 spell: Blink
  1162 | D:1      | Reached XP level 3. HP: 24/29 MP: 6/6
  1427 | D:2      | Learned a level 3 spell: Teleport Other
  2022 | D:2      | Found a faded altar to an unknown god.
  2614 | D:2      | Reached skill level 4 in Translocations
  2729 | D:3      | Reached XP level 4. HP: 21/36 MP: 7/7
  2946 | D:3      | Noticed asdu's ghost (weakling CeBe)
  3789 | D:3      | Killed asdu's ghost
  4115 | D:3      | Found a sparkling altar of Nemelex Xobeh.
  4116 | D:3      | Found an opulent altar of Gozag.
  4271 | D:3      | Reached XP level 5. HP: 29/41 MP: 8/8
  4733 | D:4      | Found a staircase to the Ecumenical Temple.
  4760 | Temple   | Entered the Ecumenical Temple
  4855 | Temple   | Became a worshipper of Elyvilon the Healer
  5157 | D:4      | Noticed a phantom
  5387 | D:4      | Killed from afar by an orc wizard

Dungeon Overview and Level Annotations

Branches:
Dungeon (4/15)             Temple (1/1) D:4

Altars:
Ashenzari
Dithmenos
Elyvilon
Fedhas
Gozag
Kikubaaqudgha
Nemelex Xobeh
Okawaru
Qazlal
Ru
Sif Muna
Vehumet
Xom
Yredelemnul
Zin
The Shining One


Message History

An orc and an orc priest come into view.
The orc shouts!
You hit the orc wizard but do no damage.
The orc wizard hits you but does no damage.
The orc wizard misses you.
The orc priest invokes the aid of Beogh against you.
Something smites you!
Casting: Teleport Other
Confirm with . or Enter, or press ? or * to list all spells.
You blink.
The orc wizard gestures at you while chanting.
The magic dart hits you!
The orc wizard points at you and mumbles some strange words.
The magic dart hits you!
Casting: Blink
Confirm with . or Enter, or press ? or * to list all spells.
Aiming: Teleport Other
Press: ? - help, Shift-Dir - straight line, f - orc wizard
Aim: an orc wizard, wielding a dagger and wearing a robe (fast, chance to defeat MR: 50%)
The orc wizard looks slightly unstable.
You are feeling hungry.
The orc wizard hits you with a dagger. The orc wizard closely misses you.
The orc wizard disappears!
Casting: Teleport Other
Confirm with . or Enter, or press ? or * to list all spells.
Aiming: Teleport Other
Press: ? - help, Shift-Dir - straight line, f - adder
Aim: an adder (chance to defeat MR: 58%)
You miscast Teleport Other.
You are very lightly contaminated with residual magic.
You feel uncomfortable. The adder bites you but does no damage.
A quokka comes into view.
The adder bites you but does no damage.
The orc wizard is no longer moving quickly.
The orc wizard hits you with a dagger. The quokka bites you.
The orc wizard misses you. The quokka closely misses you.
A scorpion comes into view.
The orc wizard points at you and mumbles some strange words.
The magic dart hits you!
You die...

You could see a scorpion, an orc wizard, an adder, an orc and a quokka.

Vanquished Creatures
  A giant frog skeleton (D:4)
  The ghost of asdu the Poker, a weakling CeBe of Trog (D:3)
  5 adders
  5 worms
  2 giant geckos (D:1)
  5 orcs
  7 bats
  8 hobgoblins
  12 kobolds
  2 quokkas
  4 giant cockroaches
  A giant gecko skeleton (D:4)
  3 giant newts
  10 goblins
  4 jackals (D:2)
  10 rats
80 creatures vanquished.

Action                   |  1- 3 |  4- 6 || total
-------------------------+-------+-------++-------
Melee: Mace              |   190 |   163 ||   353
 Cast: Teleport Other    |     1 |     7 ||     8
       Blink             |     1 |     6 ||     7
 Stab: Sleeping          |     1 |     1 ||     2
  Eat: Chunk             |     6 |     8 ||    14
       Beef jerky        |       |     1 ||     1

Vault maps used:
D:1:      elethiomel_arrival_infinity_welcomes_careful_drivers, hex_tiny
D:2:      ecumenical_altar_1
D:3:      grunt_temple_overflow_opulence, first_bread
D:4:      minmay_temple_entry_crystal_x
Temple:   minmay_temple_curvy_14
